 Dungeon Crawl Stone Soup version 0.27-a0-984-g00e00afbbc (webtiles) character file.

Game seed: 9814469891693193407

11252 Morbidden the Grappler (level 11, -1/105 HPs)
             Began as a Troll Transmuter on Apr 15, 2021.
             Was a High Priest of Cheibriados.
             Slain by a two-headed ogre
             ... wielding a +0 giant club
              (25 damage)
             ... on level 11 of the Dungeon.
             The game lasted 00:13:47 (8563 turns).

Morbidden the Grappler (Troll Transmuter)           Turns: 8563, Time: 00:13:48

Health: -1/105     AC:  2    Str: 32    XL:     11   Next: 46%
Magic:  16/16      EV: 31    Int: 24    God:    Cheibriados [*****.]
Gold:   802        SH:  0    Dex: 33    Spells: 5/18 levels left

rFire    . . .     SeeInvis .     - Unarmed
rCold    . . .     Faith    .   (shield currently unavailable)
rNeg     . . .     Spirit   .   (armour currently unavailable)
rPois    x         Reflect  .   (helmet currently unavailable)
rElec    .         Harm     .   (cloak currently unavailable)
rCorr    .         Rampage  .   (gloves unavailable)
Will     .....                  (boots unavailable)
Stlth    +++.......             h - amulet of magic regeneration
HPRegen  1.27/turn              b - +4 ring of evasion
MPRegen  0.40/turn              n - +6 ring of dexterity

@: spider-form (expiring), flying, very slow
A: venomous fangs, tiny, unfitting armour, (claws 3), regeneration 1, (shaggy
fur 1), (tough skin 1)
a: End Transformation, Renounce Religion, Bend Time, Temporal Distortion,
Slouch, Step From Time


You were on level 11 of the Dungeon.
You worshipped Cheibriados.
Cheibriados was extremely pleased with you.
You were a venomous arachnid creature.
You visited 2 branches of the dungeon, and saw 12 of its levels.
You also visited: Ossuary.

You collected 802 gold pieces.

Inventory:

Missiles
 e - 2 silver boomerangs (quivered)
 f - 5 javelins
 w - 6 throwing nets
 B - 31 poisoned darts
 C - 2 atropa-tipped darts
 P - 3 curare-tipped darts
Armour
 Q - +0 steam dragon scales (melded)
Jewellery
 b - a +4 ring of evasion (left front leg)
 h - an amulet of magic regeneration (around neck)
 l - a ring of protection from cold
 n - a +6 ring of dexterity (right front leg)
 t - a +6 ring of intelligence
 D - a ring of resist corrosion
 K - a ring of wizardry
 M - a ring of ice
Wands
 k - a wand of polymorph (6)
 m - a wand of paralysis (17)
 o - a wand of flame (23)
 L - a wand of iceblast (6)
Scrolls
 a - a scroll of summoning {unknown}
 g - 2 scrolls of enchant weapon
 i - 3 scrolls of holy word
 u - 4 scrolls of fog
 y - 3 scrolls of teleportation
 z - 2 scrolls of enchant armour
 A - 5 scrolls of identify
 I - 2 scrolls of vulnerability
 O - a scroll of brand weapon {unknown}
Potions
 c - 2 potions of flight
 d - 7 potions of heal wounds
 j - a potion of magic {unknown}
 p - a potion of resistance {unknown}
 q - 2 potions of berserk rage
 r - 2 potions of mutation {unknown}
 s - 4 potions of brilliance {unknown}
 v - 2 potions of invisibility {unknown}
 x - 2 potions of might {unknown}
 E - 2 potions of haste {unknown}
 F - a potion of degeneration {unknown}
 G - a potion of attraction {unknown}
 H - a potion of ambrosia {unknown}
 J - 2 potions of lignification {unknown}


   Skills:
 * Level 6.0 Fighting
 + Level 0.3 Throwing
 + Level 5.3 Dodging
 + Level 2.8 Stealth
 + Level 10.6 Unarmed Combat
 * Level 4.4 Spellcasting
 * Level 5.2 Transmutations
 * Level 2.6 Ice Magic
 + Level 2.3 Poison Magic
 + Level 0.1 Evocations


You had 5 spell levels left.
You knew the following spells:

 Your Spells              Type           Power      Damage    Failure   Level
a - Beastly Appendage     Tmut           60%        N/A       5%          1
b - Spider Form           Tmut/Pois      11%        N/A       17%         3
c - Ice Form              Ice/Tmut       24%        N/A       38%         4
d - Hydra Form            Tmut           15%        N/A       52%         5

Your spell library contained the following spells:

 Spells                   Type           Power      Damage    Failure   Level
 Wereblood                Tmut           30%        N/A       7%          2
 Animate Skeleton         Necr           10%        N/A       24%         1
 Apportation              Tloc           10%        N/A       24%         1
 Magic Dart               Conj           20%        1d4       24%         1
 Pain                     Necr           20%        1d5       24%         1
 Summon Small Mammal      Summ           20%        N/A       24%         1
 Call Imp                 Summ           5%         N/A       32%         2
 Searing Ray              Conj           10%        3d3       32%         2
 Call Canine Familiar     Summ           5%         N/A       50%         3
 Dazzling Flash           Conj/Hex       10%        N/A       50%         3
 Lesser Beckoning         Tloc           2%         N/A       50%         3
 Summon Guardian Golem    Hex/Summ       5%         N/A       50%         3
 Tukima's Dance           Hex            5%         N/A       50%         3
 Vampiric Draining        Necr           2%         2d6       50%         3
 Summon Ice Beast         Ice/Summ       11%        N/A       69%         4
 Alistair's Intoxication  Tmut/Pois      15%        N/A       71%         5
 Animate Dead             Necr           2%         N/A       85%         4
 Fulminant Prism          Conj/Hex       2%         3d6       85%         4
 Iskenderun's Mystic Bla  Conj/Tloc      5%         2d3       85%         4
 Summon Lightning Spire   Summ/Air       5%         N/A       85%         4
 Agony                    Necr           5%         N/A       99%         5
 Invisibility             Hex            5%         N/A       100%        6


Dungeon Overview and Level Annotations

Branches:
Dungeon (11/15)            Temple (1/1) D:6            Lair (0/6) D:9
Ossuary (visited)
    Orc: D:9-12

Altars:
Ashenzari
Cheibriados
Dithmenos
Elyvilon
Gozag
Hepliaklqana
Makhleb
Nemelex Xobeh
Okawaru
Qazlal
Sif Muna
Zin

Shops:
D:6 [


Innate Abilities, Weirdness & Mutations

You are a venomous arachnid creature.
You have poisonous fangs.
You are tiny and dextrous.
Your spellcasting is less reliable in this form.
Your armour is entirely melded.
You are incapable of wielding weapons or throwing items.
You are too large for most types of armour.
((You have claws for hands.))
Your natural rate of healing is unusually fast.
((You are covered in fur. (AC +1)))
((You have tough skin. (AC +1)))


Message History

The two-headed ogre barely misses you. Something barely misses you.
The two-headed ogre completely misses you.
The two-headed ogre misses you.
Your transformation is almost over.
Something barely misses you. The two-headed ogre closely misses you.
The two-headed ogre hits you with a +0 giant club!
* * * LOW HITPOINT WARNING * * *
You maul the two-headed ogre!!
The two-headed ogre is poisoned.
The two-headed ogre is heavily wounded.
The two-headed ogre completely misses you.
The two-headed ogre hits you with a +0 giant club!
* * * LOW HITPOINT WARNING * * *
Something hits you!
* * * LOW HITPOINT WARNING * * *
Unknown command.
Unknown command.
It was a potion of flight.
You feel very buoyant.
You fly up into the air.
The two-headed ogre completely misses you. x2
You hear some strange, mumbled words.
The two-headed ogre seems to speed up.
Unknown command.
Okay, then.
Unknown command.
Okay, then.
As you read the scroll of fear, it crumbles to dust.
You assume a fearsome visage.
The two-headed ogre looks frightened! x2
The ogre looks frightened!
The two-headed ogre looks frightened!
Something closely misses you.
Unknown command.
Unknown command.
Unknown command.
Unknown command.
It was a potion of heal wounds.
You feel much better.
Cornered, the two-headed ogre turns to fight!
Something hits you!
* * * LOW HITPOINT WARNING * * *
The two-headed ogre hits you with a +0 giant club!!
You die...

### #.. #.# #.# #.# #s#
##.######O# #.......#.#
#.####..###...O##
........##....OZ######Z
.......>....$.O...OOOO
........#.......#####!
#.#.#.........#.#
#.#.#.#.#.#.#.#.#


You could see 3 two-headed ogres, an ogre (fleeing) and a centaur warrior
zombie.

Vanquished Creatures
  Harold (D:7)
  3 two-headed ogres
  Maggie (D:9)
  A troll (D:9)
  Grinder (D:6)
  Prince Ribbit (D:6)
  6 yaks (D:10)
  Sigmund (D:6)
  A wyvern (D:9)
  Grum (D:6)
  3 steam dragons
  6 vampire mosquitoes (D:10)
  Menkaure (D:4)
  3 water moccasins
  An orc warrior (D:8)
  A necrophage (D:4)
  3 wolves (D:9)
  4 centaurs
  4 ogres
  3 phantoms
  8 kobold brigands
  2 gnoll sergeants
  Blork the orc (D:4)
  A wyvern zombie (D:6)
  4 scorpions
  A wyvern skeleton (D:7)
  6 water moccasin zombies
  A water moccasin skeleton (D:5)
  6 killer bees (D:10)
  3 wights (D:8)
  2 electric eels (D:9)
  4 howler monkeys
  16 hounds
  3 jellies (D:6)
  A bullfrog zombie (D:5)
  4 centaur zombies
  2 orc priests
  A centaur skeleton (D:3)
  2 gnoll shamans (D:7)
  A bullfrog skeleton (D:6)
  Ijyb (D:4)
  4 iguanas
  6 orc wizards
  A killer bee zombie (D:8)
  2 mummies (Ossuary)
  2 hound skeletons (D:4)
  Robin (D:3)
  2 adders
  16 gnolls
  4 white imps
  An ufetubus (D:5)
  4 adder zombies (Ossuary)
  An adder skeleton (D:4)
  2 worms (D:2)
  4 dart slugs
  18 orcs
  5 bats
  9 endoplasms
  3 giant cockroaches
  3 gnoll zombies (Ossuary)
  8 goblins
  13 hobgoblins
  4 jackals (D:1)
  2 quokkas
  7 ball pythons
  5 frilled lizards
  4 hobgoblin zombies (Ossuary)
  38 kobolds
  3 kobold zombies (Ossuary)
  4 orc zombies (Ossuary)
  4 rats
296 creatures vanquished.

Vanquished Creatures (others)
  A hobgoblin zombie (Ossuary)
  2 kobolds (D:9)
3 creatures vanquished.

Grand Total: 299 creatures vanquished

Notes
Turn   | Place    | Note
-------+----------+-------------------------------------------
     0 | D:1      | Morbidden the Troll Transmuter began the quest for the Orb.
     0 | D:1      | Reached XP level 1. HP: 18/18 MP: 1/1
    72 | D:1      | Reached XP level 2. HP: 26/26 MP: 3/3
   138 | D:1      | Reached skill level 1 in Fighting
   624 | D:2      | Reached XP level 3. HP: 33/33 MP: 4/4
  1306 | D:3      | Reached skill level 4 in Unarmed Combat
  1306 | D:3      | Reached XP level 4. HP: 41/41 MP: 5/5
  1366 | D:3      | Found a faded altar of an unknown god.
  1942 | D:3      | Reached XP level 5. HP: 48/48 MP: 6/6
  2196 | D:4      | Noticed a necrophage
  2199 | D:4      | Noticed Robin
  2201 | D:4      | Noticed Menkaure
  2231 | D:4      | Killed a necrophage
  2262 | D:4      | Reached XP level 6. HP: 55/57 MP: 7/7
  2280 | D:3      | Killed Robin
  2425 | D:4      | Killed Menkaure
  2426 | D:4      | Reached skill level 5 in Unarmed Combat
  2630 | D:4      | Reached XP level 7. HP: 38/66 MP: 9/9
  2720 | D:4      | Reached skill level 6 in Unarmed Combat
  3054 | D:4      | Noticed Ijyb
  3065 | D:4      | Killed Ijyb
  3148 | D:4      | Noticed Blork the orc
  3154 | D:4      | Killed Blork the orc
  3178 | D:5      | Entered Level 5 of the Dungeon
  3301 | D:5      | Reached XP level 8. HP: 62/75 MP: 9/11
  3810 | D:5      | Reached skill level 7 in Unarmed Combat
  4060 | D:6      | Found an iron altar of Okawaru.
  4084 | D:6      | Noticed Grinder
  4087 | D:6      | Noticed Sigmund
  4087 | D:6      | Paralysed by Grinder for 4 turns
  4098 | D:6      | Found Umor's Armour Shop.
  4123 | D:6      | Found a sand-covered staircase.
  4132 | Ossuary  | Entered an ossuary
  4168 | Ossuary  | Reached skill level 1 in Stealth
  4178 | Ossuary  | Learned a level 3 spell: Spider Form
  4323 | D:6      | Paralysed by Grinder for 5 turns
  4356 | D:6      | Killed Sigmund
  4357 | D:6      | Reached XP level 9. HP: 77/84 MP: 12/12
  4366 | D:6      | Killed Grinder
  4397 | D:6      | Found a sparkling altar of Nemelex Xobeh.
  4422 | D:6      | Reached skill level 1 in Poison Magic
  4449 | D:6      | Reached skill level 8 in Unarmed Combat
  4491 | D:6      | You fall into a shaft and drop 1 floor!
  4499 | D:6      | Found a staircase to the Ecumenical Temple.
  4504 | Temple   | Entered the Ecumenical Temple
  4511 | Temple   | Became a worshipper of Cheibriados the Contemplative
  4730 | D:6      | Noticed Prince Ribbit
  4733 | D:6      | Reached * piety under Cheibriados
  4747 | D:6      | Killed Prince Ribbit
  4863 | D:6      | Noticed Grum
  4872 | D:6      | Killed Grum
  5141 | D:6      | Noticed an angel
  5142 | D:6      | Found a glowing silver altar of Zin.
  5416 | D:7      | Noticed Harold
  5428 | D:7      | Killed Harold
  5429 | D:7      | Reached skill level 9 in Unarmed Combat
  5429 | D:7      | Reached XP level 10. HP: 94/94 MP: 14/14
  5461 | D:7      | Reached ** piety under Cheibriados
  6478 | D:8      | Reached *** piety under Cheibriados
  6546 | D:8      | Reached skill level 5 in Fighting
  6869 | D:8      | Learned a level 4 spell: Ice Form
  6875 | D:8      | Learned a level 5 spell: Hydra Form
  7278 | D:9      | Noticed a two-headed ogre
  7296 | D:9      | Killed a two-headed ogre
  7297 | D:9      | Reached skill level 1 in Ice Magic
  7304 | D:9      | Reached **** piety under Cheibriados
  7352 | D:9      | Reached skill level 10 in Unarmed Combat
  7415 | D:9      | Reached skill level 5 in Transmutations
  7426 | D:9      | Noticed a two-headed ogre
  7432 | D:9      | Killed a two-headed ogre
  7433 | D:9      | Reached skill level 5 in Dodging
  7433 | D:9      | Reached XP level 11. HP: 71/104 MP: 16/16
  7529 | D:9      | Noticed Maggie
  7542 | D:9      | Killed Maggie
  7552 | D:9      | Found a staircase to the Lair.
  7699 | D:9      | Identified the +5 scale mail of Necwe {*Corrode rPois Str-4
                  | Dex+8}
  7795 | D:10     | Entered Level 10 of the Dungeon
  7842 | D:10     | Reached ***** piety under Cheibriados
  8543 | D:11     | Noticed a two-headed ogre
  8547 | D:11     | Noticed an ogre mage
  8548 | D:11     | Noticed a two-headed ogre
  8548 | D:11     | Noticed a two-headed ogre
  8548 | D:11     | Noticed a two-headed ogre
  8549 | D:11     | Noticed a two-headed ogre
  8557 | D:11     | Killed a two-headed ogre
  8560 | D:11     | HP: 3/105 [something (15)]
  8563 | D:11     | Slain by a two-headed ogre

Illustrated notes

Levels and vault maps discovered:
D:1:      dpeg_arrival_central, layout_rooms, nrook_mini_vaults
D:2:      layout_basic, minmay_misc_feat_pillars
D:3:      layout_basic, hellmonk_ecumenical_altar_crossroads,
          kennysheep_generic_room_7
D:4:      layout_rooms, serial_curves, eino_curves_04, eino_curves_04,
          uniq_robin, uniq_menkaure, uniq_ijyb, uniq_blork_the_orc
D:5:      layout_basic, grunt_ministairs_10
D:6:      layout_cave_pools, zin_angel, minmay_temple_entry_from_below_a,
          serial_shops, shop, serial_gnoll_camp, grums_kennel,
          gnoll_camp_mini_hut, gnoll_camp_mini_loothouse, gnoll_camp_mini_hut,
          enter_ossuary_1, eino_curves_03, hangedman_feature_mirror,
          corner_web_ring, grunt_ministairs_5, uniq_sigmund, uniq_grinder,
          uniq_prince_ribbit1
D:7:      layout_loops_ring, kennysheep_generic_room_10, uniq_harold
D:8:      layout_loops_ring, minmay_misc_feat_columns
D:9:      layout_roguey, erik_lair_island, uniq_maggie
D:10:     layout_loops_ring
D:11:     layout_loops_ring, nicolae_sif_muna_little_library
Temple:   compressed_dpeg_triangle_lava_temple

Skill      XL: |  1  2  3  4  5  6  7  8  9 10 11 |
---------------+----------------------------------+-----
Fighting       | 1 2 3 4 5 6 |  6.0
Dodging        | 2 3 4 5 |  5.3
Unarmed Combat | 4 5 6 7 9 10 | 10.6
Transmutations | 2 3 4 5 |  5.2
Spellcasting   | 2 3 4 |  4.4
Stealth        | 1 2 |  2.8
Poison Magic   | 2 |  2.3
Ice Magic      | 2 |  2.6
Throwing       | |  0.3
Evocations     | |  0.1

Action                   |  1- 3 |  4- 6 |  7- 9 | 10-12 || total
-------------------------+-------+-------+-------+-------++-------
Melee: Unarmed           |    77 |   109 |   341 |   301 ||   828
       Kick              |       |     1 |       |     6 ||     7
       Headbutt          |       |     1 |       |     2 ||     3
       Punch             |       |       |    14 |     9 ||    23
Throw: Javelin           |       |     2 |       |     1 ||     3
 Cast: Beastly Appendage |       |     2 |       |     4 ||     6
       Spider Form       |       |       |     2 |    10 ||    12
Evoke: Wand              |       |       |     3 |       ||     3
  Use: Scroll            |       |       |     7 |     5 ||    12
       Potion            |       |       |       |     2 ||     2
 Stab: Sleeping          |       |     1 |     5 |     7 ||    13
       Paralysed         |       |       |     8 |       ||     8
       Distracted        |       |       |     1 |       ||     1
Armor: Robe              |    21 |    23 |    59 |    12 ||   115
       Skin              |       |       |     2 |       ||     2
       Steam dragon scal |       |       |       |    16 ||    16
Dodge: Dodged            |    39 |    59 |   275 |   356 ||   729

Table legend: (Time is in decaauts)
 A = Elapsed time spent in this place.
 B = Non-inter-level travel time spent in this place.
 C = Inter-level travel time spent in this place.
 D = Time resting spent in this place.
 E = Time spent auto-exploring this place.
 F = Levels seen in this place.
 G = Mean time per level.
                   A        B        C        D        E       F      G
               +--------+--------+--------+--------+--------+-----+--------+
         Total |  10218 |   9823 |    395 |    617 |   7266 |  13 |  786.0 |
       Dungeon |  10023 |   9628 |    395 |    617 |   7183 |  11 |  911.2 |
        Temple |     16 |     16 |      0 |      0 |      0 |   1 |   16.0 |
       Ossuary |    178 |    178 |      0 |      0 |     82 |   1 |  178.0 |
               +--------+--------+--------+--------+--------+-----+--------+

Top non-repeatable levels by time:
     D:8: 1270 daAuts
     D:7: 1268 daAuts
    D:10: 1214 daAuts
     D:4: 1141 daAuts
     D:9: 1131 daAuts
     D:6: 1069 daAuts
     D:3: 945 daAuts
     D:2: 734 daAuts
     D:5: 637 daAuts
     D:1: 559 daAuts
 Ossuary: 178 daAuts
    D:11: 51 daAuts
  Temple: 16 daAuts
